 Dungeon Crawl Stone Soup version 0.26.0-10-g1f06aea511 (webtiles) character file.

Game seed: 1542399443954110502

3 CurlyBrace the Grasshopper (level 1, 4/9 HPs)
             Began as a Felid Warper on Jan 14, 2021.
             Quit the game on level 4 of the Dungeon.
             The game lasted 00:03:48 (310 turns).

CurlyBrace the Grasshopper (Felid Warper)            Turns: 310, Time: 00:03:49

Health: 4/9        AC:  1    Str:  7    XL:     1   Next: 41%
Magic:  4/4        EV: 18    Int: 14    God:
Gold:   16         SH:  0    Dex: 15    Spells: 4/4 levels left
                                        Lives:  0   Deaths: 0

rFire    . . .     SeeInvis +     - Unarmed
rCold    . . .     Faith    .   (shield unavailable)
rNeg     . . .     Spirit   .   (armour unavailable)
rPois    .         Reflect  .   (helmet unavailable)
rElec    .         Harm     .   (cloak unavailable)
rCorr    .         Rampage  .   (gloves unavailable)
Will     .....                  (boots unavailable)
Stlth    ++........             (no amulet)
HPRegen  0.03/turn              (no ring)
MPRegen  0.09/turn              (no ring)

@: quick
A: very small, no armour, no weapons or thrown items, stealth, claws 1, fangs 3,
see invisible, speed 1, shaggy fur 1, sharp paws
a: no special abilities


You were on level 4 of the Dungeon.
You visited 1 branch of the dungeon, and saw 5 of its levels.

You collected 16 gold pieces.

Inventory:

Scrolls
 r - a scroll of identify


   Skills:
 - Level 2.0 Fighting
 - Level 3.2 Dodging
 + Level 1.0 Stealth
 + Level 2.1 Unarmed Combat
 - Level 2.0 Spellcasting
 - Level 4.4 Translocations


You had 4 spell levels left.
You didn't know any spells.
Your spell library contained the following spells:

 Spells                   Type           Power        Failure   Level
 Blink                    Tloc           N/A          6%          2
 Gell's Gravitas          Tloc           6%           12%         3
 Lesser Beckoning         Tloc           6%           12%         3
 Teleport Other           Tloc           13%          12%         3
 Passage of Golubria      Tloc           N/A          36%         4


Dungeon Overview and Level Annotations

Branches:
Dungeon (5/15)
 Temple: D:4-7

Altars:
Cheibriados
Gozag
Hepliaklqana
Kikubaaqudgha
Ru
Trog
The Shining One


Innate Abilities, Weirdness & Mutations

You cannot wear armour.
You are incapable of wielding weapons or throwing items.
Your paws allow you to move quietly. (Stealth)
You have sharp claws.
You have razor-sharp teeth.
You have supernaturally acute eyesight. (SInv)
You cover ground quickly.
You are covered in fur. (AC +1)
Your sharp claws are effective at attacking unaware monsters.


Message History

What are your orders? t - Meow!
Orders for allies: a - Attack new target. r - Retreat! s - Stop attacking. g - Guard the area. f - Follow me.
Anything else - Cancel.
You meow for attention!
A howler monkey comes into view.
Found an escape hatch in the ceiling.
The howler monkey howls!
You hear an angry hiss.
The howler monkey hoots and howls with incredible vigour!
A gnoll comes into view. It is wielding a +0 halberd.
An iguana comes into view.
Found 19 stones.
The howler monkey barely misses you.
Okay, then.
You aren't carrying any items that you can evoke.
Unknown command.
You aren't carrying any potions.
Are you sure you want to abandon this character and quit the game? (Confirm with "yes".)

..#...#######
..+.).'.....#
###...#####.######
.......# ...#.#
######.# ....#.# #. ..#
#.# #....#.# ... ..#
#.## #....#.#.#.... ..#
#..###....#.#.#... ###
#.........#@#.(.
#.......###h#'#####
#.......# #.......# #
#+##.......# #..l.<..#
...........###.......#
........._...#g......#
......(_.....#.......##
....#..................
....#._..8.._..####....


You could see a howler monkey, an iguana and a gnoll.

Vanquished Creatures
  A goblin (D:1)
  A quokka (D:4)
  A rat (D:3)
3 creatures vanquished.

Vanquished Creatures (others)
  A hobgoblin (D:2)
1 creature vanquished.

Grand Total: 4 creatures vanquished

Notes
Turn   | Place    | Note
-------+----------+-------------------------------------------
     0 | D:1      | CurlyBrace the Felid Warper began the quest for the Orb.
     0 | D:1      | Reached XP level 1. HP: 9/9 MP: 4/4
    58 | D:1      | You fall into a shaft and drop 1 floor!
   148 | D:3      | Noticed an orc wizard
   235 | D:5      | Entered Level 5 of the Dungeon
   254 | D:4      | Found a hazy altar of Hepliaklqana.
   255 | D:4      | Found an ancient bone altar of Kikubaaqudgha.
   257 | D:4      | Found a sacrificial altar of Ru.
   257 | D:4      | Found a bloodstained altar of Trog.
   259 | D:4      | Found an opulent altar of Gozag.
   259 | D:4      | Found a snail-covered altar of Cheibriados.
   260 | D:4      | Found a glowing golden altar of the Shining One.
   275 | D:4      | Reached skill level 1 in Stealth
   279 | D:4      | Noticed a gnoll shaman
   300 | D:4      | Noticed a howler monkey
   302 | D:4      | Noticed an iguana
   310 | D:4      | Quit the game

Illustrated notes

Levels and vault maps discovered:
D:1:      mrwooster_arrival_statue, layout_basic, serial_park_tiny_pond,
          interstate_on_off
D:2:      layout_loops_ring, lemuel_flame_loot_1
D:3:      layout_basic, kennysheep_generic_room_11, uniq_ijyb
D:4:      layout_basic, nicolae_ashenzari_panopticon,
          grunt_temple_overflow_open, minmay_distorted, uniq_crazy_yiuf_cottage
D:5:      layout_rooms, serial_shops, shop_fountains, uniq_eustachio

Skill      XL: |  1 |
---------------+----+-----
Stealth        | 1 |  1.0
Fighting       | |  2.0
Dodging        | |  3.2
Unarmed Combat | |  2.1
Spellcasting   | |  2.0
Translocations | |  4.4

Action                   || total
-------------------------++-------
Melee: Unarmed           ||    14
  Use: Scroll            ||     7
Armor: Skin              ||     3
Dodge: Dodged            ||    36
